 Dungeon Crawl Stone Soup version 0.28.0-53-g5a82cb258f (webtiles) character file.

Game seed: 16005766853230564480

478 Zeld the Conjurer (level 6, 0/32 HPs)
             Began as a Deep Elf Conjurer on May 24, 2022.
             Shot with an arrow by a centaur (5 damage)
             ... on level 3 of the Dungeon.
             The game lasted 00:05:37 (3832 turns).

Zeld the Conjurer (Deep Elf Conjurer)               Turns: 3832, Time: 00:05:38

Health: 0/32       AC:  3    Str:  4    XL:     6   Next: 85%
Magic:  17/17      EV: 13    Int: 25    God:
Gold:   114        SH:  0    Dex: 13    Spells: 6/17 levels left

rFire   . . .      SeeInvis .   a - +0 dagger (venom)
rCold   . . .      Faith    .   (no shield)
rNeg    . . .      Spirit   .   l - +0 robe
rPois   .          Reflect  .   (no helmet)
rElec   .          Harm     .   j - +0 cloak
rCorr   .          Rampage  .   (no gloves)
Will    .....                   (no boots)
Stlth   ++........              (no amulet)
HPRegen 0.10/turn               (no ring)
MPRegen 0.15/turn               (no ring)

@: no status effects
A: no striking features
a: no special abilities


You were on level 3 of the Dungeon.
You visited 1 branch of the dungeon, and saw 3 of its levels.

You collected 114 gold pieces.

Inventory:

Hand Weapons
 a - a +0 dagger of venom (weapon)
Armour
 j - a +0 cloak (worn)
 l - a +0 robe (worn)
Scrolls
 b - 2 scrolls of immolation {unknown}
 c - 5 scrolls of identify {unknown}
 d - 2 scrolls of teleportation {unknown}
 e - 2 scrolls of brand weapon {unknown}
 i - 3 scrolls of enchant weapon {unknown}
 m - a scroll of acquirement {unknown}
Potions
 f - a potion of brilliance {unknown}
 g - a potion of lignification {unknown}
 h - a potion of might {unknown}
 k - a potion of ambrosia {unknown}


   Skills:
 + Level 4.2 Dodging
 - Level 2.4 Stealth
 * Level 6.1 Spellcasting
 * Level 6.5 Conjurations
 - Level 2.0 Hexes
 - Level 2.0 Translocations


You had 6 spell levels left.
You knew the following spells:

 Your Spells              Type           Power      Damage    Failure   Level
a - Magic Dart            Conj           100%       1d8       1%          1
b - Searing Ray           Conj           80%        2d7       1%          2
c - Fulminant Prism       Conj/Hex       14%        3d9       13%         4
d - Iskenderun's Mystic   Conj/Tloc      28%        2d7       13%         4

Your spell library contained the following spells:

 Spells                   Type           Power      Damage    Failure   Level
 Dazzling Flash           Conj/Hex       56%        N/A       3%          3
 Portal Projectile        Hex/Tloc       34%        N/A       10%         3
 Call Canine Familiar     Summ           7%         N/A       22%         3
 Leda's Liquefaction      Hex/Erth       6%         N/A       43%         4


Dungeon Overview and Level Annotations

Branches:
Dungeon (3/15)

Altars:
Nemelex Xobeh
Okawaru
Uskayaw

Shops:
D:1 :


Message History

Found a stone staircase leading up.
Partly explored, can't reach some places.
Partly explored, can't reach some places.
Casting: Magic Dart (safe; 1% risk of failure)
Confirm with . or Enter, or press ? or * to list all spells.
You can't see any susceptible monsters within range! (Use Z to cast anyway.) Partly explored, can't reach some places.
Partly explored, can't reach some places.
Partly explored, can't reach some places.
Partly explored, can't reach some places.
Autopickup is now on.
c - 3 scrolls labelled XIOTILU CEUKIP (gained 1)
Things that are here:
a +0 dagger; a +0 robe; an orc skeleton
g - a fizzy yellow potion You see here an orc skeleton.
You now have 99 gold pieces (gained 10).
c - 4 scrolls labelled XIOTILU CEUKIP (gained 1)
d - 2 scrolls labelled SASOTU TAWUXEC (gained 1)
You now have 108 gold pieces (gained 9).
c - 5 scrolls labelled XIOTILU CEUKIP (gained 1)
You now have 114 gold pieces (gained 6).
m - a scroll labelled KUIWNU GUNK Partly explored, can't reach some items and places.
Partly explored, can't reach some items and places.
Partly explored, can't reach some items and places.
The centaur shouts!
The centaur wields a +0 shortbow of flaming.
It bursts into flame!
The centaur shoots an arrow.
The arrow hits you! The arrow burns you.
The centaur shoots an arrow.
The arrow hits you! The arrow burns you.
The centaur shoots an arrow.
The arrow hits you.
* * * LOW HITPOINT WARNING * * *
The arrow burns you.
* * * LOW HITPOINT WARNING * * *
The centaur shoots an arrow.
The arrow closely misses you.
You start resting.
A centaur is nearby!
The centaur shoots an arrow.
The arrow hits you.
You die...

......................#
....#.#...............#
....#.#...............#
....#.#...............#
....#.#...............#
....#.#...............#
....#.#.).............##
....#.#................#######
.####.#.........@............#
.## #.###########............#
..# #.# #............#
#.###.####### #..c.........#
............# #............#
............# #............#
............# #............#
...)........# #............#
............# #............#


You could see a centaur.

Vanquished Creatures
  Sigmund (D:2)
  A sky beast (D:3)
  An orc priest (D:3)
  Crazy Yiuf (D:2)
  Jessica (D:2)
  An orc wizard (D:3)
  4 adders
  3 dart slugs
  3 orcs (D:3)
  3 endoplasms
  15 giant cockroaches
  4 goblins
  6 hobgoblins
  2 jackals (D:1)
  2 quokkas (D:2)
  9 ball pythons
  4 bats
  2 frilled lizards (D:1)
  5 kobolds
  10 rats
78 creatures vanquished.

Vanquished Creatures (others)
  3 bushes (D:2)
3 creatures vanquished.

Grand Total: 81 creatures vanquished

Notes
Turn   | Place    | Note
-------+----------+-------------------------------------------
     0 | D:1      | Zeld the Deep Elf Conjurer began the quest for the Orb.
     0 | D:1      | Reached XP level 1. HP: 10/10 MP: 6/6
     2 | D:1      | Found a faded altar of an unknown god.
   226 | D:1      | Reached XP level 2. HP: 15/15 MP: 6/8
   229 | D:1      | Learned a level 2 spell: Searing Ray
   251 | D:1      | Reached skill level 1 in Hexes
   535 | D:1      | Found Eblul's Book Boutique.
   960 | D:1      | Reached XP level 3. HP: 19/19 MP: 7/10
  1345 | D:2      | Reached skill level 1 in Translocations
  1721 | D:2      | Noticed Jessica
  1724 | D:2      | Killed Jessica
  1725 | D:2      | Reached skill level 5 in Conjurations
  1725 | D:2      | Reached XP level 4. HP: 24/24 MP: 8/12
  1799 | D:2      | Learned a level 4 spell: Fulminant Prism
  1804 | D:2      | Learned a level 4 spell: Iskenderun's Mystic Blast
  2104 | D:2      | Noticed Sigmund
  2176 | D:2      | Killed Sigmund
  2177 | D:2      | Reached skill level 5 in Spellcasting
  2177 | D:2      | Reached XP level 5. HP: 21/28 MP: 5/14
  2339 | D:2      | Found a runed translucent door.
  2340 | D:2      | Noticed Crazy Yiuf
  2345 | D:2      | Killed Crazy Yiuf
  2346 | D:2      | Reached XP level 6. HP: 32/32 MP: 11/15
  2919 | D:3      | Found a hide-covered altar of Uskayaw.
  2919 | D:3      | Found a sparkling altar of Nemelex Xobeh.
  2920 | D:3      | Found an iron altar of Okawaru.
  3066 | D:3      | Noticed a sky beast
  3094 | D:3      | Killed a sky beast
  3832 | D:3      | Shot with an arrow by a centaur

Illustrated notes

Levels and vault maps discovered:
D:1:      lightli_arrival_maybe_door_vault, layout_loops_ring,
          ebering_ecumenical_altar_mist, serial_shops, shop, chequers_avenue,
          minmay_ruptured
D:2:      minmay_roachtagon, layout_loops_corners, minmay_hedge_maze,
          minmay_misc_feat_x, roderic_roman_lattice, uniq_sigmund,
          uniq_crazy_yiuf_cottage, uniq_jessica
D:3:      layout_basic, overflow_temple_1_default,
          chequers_temple_overflow_statue_of_worship

Skill      XL: |  1  2  3  4  5  6 |
---------------+-------------------+-----
Hexes          | 1 2 |  2.0
Translocations | 1 2 |  2.0
Dodging        | 3 4 |  4.2
Spellcasting   | 4 5 6 |  6.1
Conjurations   | 5 6 |  6.5
Stealth        | |  2.4

Action                   |  1- 3 |  4- 6 || total
-------------------------+-------+-------++-------
Melee: Dagger            |       |     2 ||     2
 Cast: Magic Dart        |    92 |    48 ||   140
       Searing Ray       |       |     5 ||     5
Armor: Robe              |       |     2 ||     2
Dodge: Dodged            |     3 |     3 ||     6
